 Dungeon Crawl Stone Soup version 0.21.1-1-g345015f (webtiles) character file.

80 Mirai the Shield-Bearer (level 4, 0/31 HPs)
             Began as a Halfling Fighter on Mar 16, 2018.
             Succumbed to a worker ant's poison
             ... on level 2 of the Dungeon.
             The game lasted 00:03:39 (1357 turns).

Mirai the Shield-Bearer (Halfling Fighter)          Turns: 1357, Time: 00:03:40

Health: 0/31       AC:  4    Str: 22    XL:     4   Next: 65%
Magic:  4/4        EV: 11    Int:  6    God:
Gold:   123        SH: 10    Dex: 14    Spells: 3/3 levels left

rFire    . . .     SeeInvis .   g - +0 dagger
rCold    + . .     Gourm    .   c - +0 shield
rNeg     . . .     Faith    .   h - +0 leather armour
rPois    .         Spirit   .   (no helmet)
rElec    .         Reflect  .   (no cloak)
rCorr    .         Harm     .   p - +0 pair of gloves
MR       .....                  (no boots)
Stlth    +.........             (no amulet)
HPRegen  0.10/turn              k - ring of protection from cold
MPRegen  0.09/turn              (no ring)

@: mighty, lethally poisoned (0 -> -5), berserk cooldown, slowed, very slow
A: small, mutation resistance 1
a: no special abilities


You were on level 2 of the Dungeon.
You were not hungry.

You visited 1 branch of the dungeon, and saw 2 of its levels.

You collected 123 gold pieces.

Inventory:

Hand Weapons
 a - a +0 rapier
 g - a +0 dagger (weapon)
Armour
 b - a +0 scale mail
 c - a +0 shield (worn)
 h - a +0 leather armour (worn)
 p - a +0 pair of gloves (worn)
Jewellery
 k - a ring of protection from cold (left hand)
Scrolls
 i - 6 scrolls of identify {unknown}
 n - a scroll of enchant armour {unknown}
 o - a scroll of remove curse {unknown}
Potions
 l - 2 potions of lignification {unknown}
 m - a potion of agility {unknown}
 q - a potion of degeneration {unknown}
Comestibles
 f - 4 rations
 j - 5 chunks of flesh


   Skills:
 + Level 3.2 Fighting
 + Level 3.2 Short Blades
 + Level 3.4 Armour
 + Level 1.3 Dodging
 + Level 4.2 Shields


You had 3 spell levels left.
You didn't know any spells.

Dungeon Overview and Level Annotations

Branches:
Dungeon (2/15)

Altars:


Innate Abilities, Weirdness & Mutations

You are small and have problems with some larger weapons.
You are somewhat resistant to further mutation.


Message History

You hit the worker ant.
The worker ant is severely wounded.
The worker ant misses you.
You hit the worker ant.
You kill the worker ant!
* * * LOW HITPOINT WARNING * * *
You feel sick.
Unknown command.
It was a potion of berserk rage.
A red film seems to cover your vision as you go berserk!
You feel yourself moving faster!
You feel mighty!
You are too berserk!
Unknown command.
You feel a strong urge to attack something.
* * * LOW HITPOINT WARNING * * *
You feel sick.
You feel your anger nearly subside.
You are no longer berserk.
You are exhausted.
You feel yourself slow down.
You die...

###########
#.........#
#.........#
#.........###.
#.............
#..@†......#
#.........##
#.........#
####.####.##....
#.........#
###..
#.###......# .
##.# #....#.#
##..#
#....#.#...
#..##
#....#....#..


There were no monsters in sight!

Vanquished Creatures
  A worker ant (D:2)
  2 oozes
  A worm (D:2)
  A dart slug (D:1)
  3 leopard geckos
  2 giant cockroaches (D:1)
  3 goblins
  8 hobgoblins
  4 jackals (D:2)
  A quokka (D:2)
  4 bats (D:1)
  5 frilled lizards
  A kobold (D:2)
  4 rats (D:1)
40 creatures vanquished.

Notes
Turn   | Place    | Note
-------+----------+-------------------------------------------
     0 | D:1      | Mirai the Halfling Fighter began the quest for the Orb.
     0 | D:1      | Reached XP level 1. HP: 15/15 MP: 1/1
   201 | D:1      | Reached XP level 2. HP: 15/20 MP: 2/2
   391 | D:1      | Reached XP level 3. HP: 16/26 MP: 3/3
  1037 | D:2      | Reached skill level 4 in Shields
  1149 | D:2      | Reached XP level 4. HP: 8/31 MP: 4/4
  1205 | D:2      | Reached skill level 1 in Dodging
  1352 | D:2      | HP: 1/31 [poisoned by a worker ant]
  1357 | D:2      | Succumbed to a worker ant's poison

Skill      XL: |  1  2  3  4 |
---------------+-------------+-----
Fighting       | 3 |  3.2
Shields        | 4 |  4.2
Short Blades   | 3 |  3.2
Dodging        | 1 |  1.3
Armour         | |  3.4

Action                   |  1- 3 |  4- 6 || total
-------------------------+-------+-------++-------
Melee: Dagger            |   223 |    41 ||   264
       Rapier            |     3 |       ||     3
  Use: Potion            |       |     2 ||     2
  Eat: Chunk             |     1 |     1 ||     2
Armor: Leather armour    |    45 |     2 ||    47
       Scale mail        |     1 |       ||     1
Dodge: Dodged            |    83 |    11 ||    94
Block: Shield            |   128 |    18 ||   146
